 Dungeon Crawl Stone Soup version 0.29-a0-284-gf9362112df (webtiles) character file.

Game seed: 4122232744220022159

47 Hubjo the Sneak (level 3, -10/26 HPs)
             Began as a Demonspawn Enchanter on Mar 16, 2022.
             Mangled by Terence
             ... wielding a +0 hand axe of electrocution
              (17 damage)
             ... on level 3 of the Dungeon.
             The game lasted 00:02:32 (1526 turns).

Hubjo the Sneak (Demonspawn Enchanter)              Turns: 1526, Time: 00:02:32

Health: -10/26     AC:  6    Str:  8    XL:     3   Next: 48%
Magic:  6/6        EV: 12    Int: 16    God:
Gold:   117        SH:  0    Dex: 15    Spells: 6/6 levels left

rFire   . . .      SeeInvis .   a - +1 dagger
rCold   . . .      Faith    .   (no shield)
rNeg    . . .      Spirit   .   b - +0 robe
rPois   .          Reflect  .   (helmet restricted)
rElec   .          Harm     .   (no cloak)
rCorr   .          Rampage  .   f - +1 pair of gloves
Will    .....                   (no boots)
Stlth   ++........              (no amulet)
HPRegen 0.08/turn               e - ring of flight
MPRegen 0.10/turn               (no ring)

@: flying
A: horns 1, slimy green scales 1
a: no special abilities


You were on level 3 of the Dungeon.
You visited 1 branch of the dungeon, and saw 3 of its levels.

You collected 117 gold pieces.

Inventory:

Hand Weapons
 a - a +1 dagger (weapon)
Armour
 b - a +0 robe (worn)
 f - a +1 pair of gloves (worn)
Jewellery
 e - a ring of flight (left hand)
Scrolls
 l - a scroll of noise
Potions
 c - 2 potions of invisibility
 d - 3 potions of curing {unknown}
 g - a potion of cancellation {unknown}
 i - a potion of flight {unknown}


   Skills:
 * Level 1.6 Fighting
 - Level 0.8 Short Blades
 - Level 1.7 Dodging
 * Level 3.3 Stealth
 + Level 2.3 Spellcasting
 + Level 3.2 Hexes


You had 6 spell levels left.
You didn't know any spells.
Your spell library contained the following spells:

 Spells                   Type           Power      Damage    Failure   Level
 Ensorcelled Hibernation  Hex/Ice        14%        N/A       16%         2
 Confusing Touch          Hex            12%        N/A       16%         3
 Tukima's Dance           Hex            12%        N/A       16%         3
 Apportation              Tloc           2%         N/A       21%         1
 Dazzling Flash           Conj/Hex       14%        N/A       30%         3
 Alistair's Intoxication  Tmut/Pois      0%         N/A       99%         5


Dungeon Overview and Level Annotations

Branches:
Dungeon (3/15)

Altars:

Shops:
D:1 !

Annotations:
D:3 Terence


Innate Abilities, Weirdness & Mutations

You have a pair of small horns on your head.
You are partially covered in slimy green scales. (AC +2)


Message History

The white imp hits you. The white imp freezes you.
You hit the white imp.
The white imp is lightly wounded.
You hit the white imp but do no damage.
The white imp is lightly wounded.
The white imp closely misses you.
You hit the white imp.
You headbutt the white imp, but do no damage.
The white imp is heavily wounded.
The white imp gestures at you. The puff of frost hits you.
You are too injured to fight recklessly!
You are too injured to fight recklessly!
You are too injured to fight recklessly!
You are too injured to fight recklessly!
You are too injured to fight recklessly!
You are too injured to fight recklessly!
You are too injured to fight recklessly!
You are too injured to fight recklessly!
You are too injured to fight recklessly!
You are too injured to fight recklessly!
You are too injured to fight recklessly!
You are too injured to fight recklessly!
You are too injured to fight recklessly!
The white imp hits you but does no damage.
Terence drinks a potion.
Terence seems to grow stronger.
You hit the white imp but do no damage. Your headbutt misses the white imp.
The white imp is heavily wounded.
The white imp barely misses you.
You completely miss the white imp.
You headbutt the white imp, but do no damage.
Your punch misses the white imp.
The white imp is heavily wounded.
The white imp misses you.
Terence says, "You're history."
Terence hits you with a +0 hand axe of electrocution.
* * * LOW HITPOINT WARNING * * *
You are electrocuted!
Ouch! That really hurt!
You die...

........# ........#
#.......# ........#
# #.>.....# #.
#.......#
#.#####5@.....#
#.!....@#
#.#.#$##.......
#....#.#.#####.
.##### ###...##.#
.....# #.$....#.#
####<#####.##.#.#..
#..........##......
.....####..####.#...
###..# #..# .##..


You could see Terence (strong) and a white imp.

Vanquished Creatures
  An adder (D:2)
  A worm (D:2)
  2 dart slugs
  A bat (D:1)
  5 endoplasms (D:1)
  A giant cockroach (D:1)
  7 goblins
  4 quokkas
  2 ball pythons (D:1)
  2 frilled lizards
  A rat (D:2)
27 creatures vanquished.

Notes
Turn   | Place    | Note
-------+----------+-------------------------------------------
     0 | D:1      | Hubjo the Demonspawn Enchanter began the quest for the Orb.
     0 | D:1      | Reached XP level 1. HP: 13/13 MP: 3/3
    17 | D:1      | Found Cunileem's Distillery.
   321 | D:1      | Gained mutation: You are partially covered in slimy green
                  | scales. (AC +2) [demonic ancestry]
   321 | D:1      | Reached XP level 2. HP: 20/20 MP: 5/5
   368 | D:1      | Reached skill level 1 in Fighting
  1071 | D:2      | Gained mutation: You have a pair of small horns on your
                  | head. [demonic ancestry]
  1071 | D:2      | Reached XP level 3. HP: 22/26 MP: 6/6
  1518 | D:3      | Noticed Terence
  1526 | D:3      | Mangled by Terence

Illustrated notes

Levels and vault maps discovered:
D:1:      grunt_arrival_crossed_arrows, layout_basic, serial_shops, shop
D:2:      layout_basic
D:3:      gammafunk_wand_slinger, layout_loops_cross,
          ebering_ecumenical_altar_mist, wad_floor_pattern_untrapped,
          kennysheep_generic_room_2, uniq_grinder, uniq_terence, uniq_sigmund

Skill      XL: |  1  2 |
---------------+-------+-----
Stealth        | 3 |  3.3
Fighting       | 1 |  1.6
Short Blades   | |  0.8
Dodging        | |  1.7
Spellcasting   | |  2.3
Hexes          | |  3.2

Action                   || total
-------------------------++-------
Melee: Dagger            ||   107
       Punch             ||     1
       Headbutt          ||     8
  Use: Scroll            ||     3
 Stab: Sleeping          ||     7
Armor: Robe              ||    26
Dodge: Dodged            ||    63

Table legend: (Time is in decaauts)
 A = Elapsed time spent in this place.
 B = Non-inter-level travel time spent in this place.
 C = Inter-level travel time spent in this place.
 D = Time resting spent in this place.
 E = Time spent auto-exploring this place.
 F = Levels seen in this place.
 G = Mean time per level.
                   A        B        C        D        E       F      G
               +--------+--------+--------+--------+--------+-----+--------+
         Total |   1520 |   1512 |      8 |      0 |   1188 |   3 |  506.7 |
       Dungeon |   1520 |   1512 |      8 |      0 |   1188 |   3 |  506.7 |
               +--------+--------+--------+--------+--------+-----+--------+

Top non-repeatable levels by time:
     D:1: 882 daAuts
     D:2: 618 daAuts
     D:3: 19 daAuts
